 Dungeon Crawl Stone Soup version 0.26.1-11-gd32895ea62 (webtiles) character file.

Game seed: 9921773060731841271

22 promet the Caller (level 2, 0/22 HPs)
             Began as a Naga Summoner on May 28, 2021.
             Slain by a hobgoblin (2 damage)
             ... on level 2 of the Dungeon on May 30, 2021.
             The game lasted 00:09:40 (1590 turns).

promet the Caller (Naga Summoner)                   Turns: 1590, Time: 00:09:40

Health: 0/22       AC:  1    Str: 10    XL:     2   Next: 91%
Magic:  1/5        EV: 10    Int: 15    God:
Gold:   16         SH:  0    Dex: 11    Spells: 2/5 levels left

rFire    . . .     SeeInvis +   c - +0 dagger
rCold    . . .     Faith    .   (no shield)
rNeg     . . .     Spirit   .   a - +0 robe
rPois    +         Reflect  .   (no helmet)
rElec    .         Harm     .   (no cloak)
rCorr    .         Rampage  .   (no gloves)
Will     .....                  (no barding)
Stlth    ++........             (no amulet)
HPRegen  0.07/turn              (no ring)
MPRegen  0.09/turn              (no ring)

@: very slow
A: large, see invisible, deformed body, poison resistance, slowness 2, spit
poison 1, AC +0
a: Spit Poison


You were on level 2 of the Dungeon.
You visited 1 branch of the dungeon, and saw 2 of its levels.

You collected 16 gold pieces.

Inventory:

Hand Weapons
 c - a +0 dagger (weapon)
Missiles
 b - 15 poisoned darts
 d - 27 stones
Armour
 a - a +0 robe (worn)
Scrolls
 e - a scroll of fear
 f - 4 scrolls of identify
 g - a scroll of random uselessness {unknown}
Potions
 h - a potion of resistance {unknown}


   Skills:
 + Level 0.1 Short Blades
 + Level 1.7 Dodging
 + Level 3.2 Stealth
 + Level 2.2 Spellcasting
 + Level 4.4 Summonings


You had 2 spell levels left.
You knew the following spells:

 Your Spells              Type           Power        Failure   Level
a - Summon Small Mammal   Summ           60%          3%          1
b - Call Imp              Summ           15%          5%          2

Your spell library contained the following spells:

 Spells                   Type           Power        Failure   Level
 Call Canine Familiar     Summ           15%          11%         3
 Summon Guardian Golem    Hex/Summ       8%           26%         3
 Summon Ice Beast         Ice/Summ       8%           65%         4
 Summon Lightning Spire   Summ/Air       8%           65%         4


Dungeon Overview and Level Annotations

Branches:
Dungeon (2/15)

Altars:

Annotations:
D:2 Sigmund


Innate Abilities, Weirdness & Mutations

You cannot wear boots.
Your serpentine skin is tough. (AC +0)
You have supernaturally acute eyesight. (SInv)
Armour fits poorly on your strangely shaped body.
Your system is resistant to poisons. (rPois)
You cover ground very slowly.
You can spit poison.


Message History

The hobgoblin closely misses your quokka.
You hit the goblin.
You kill the goblin!
Your crimson imp disappears in a puff of smoke!
The hobgoblin hits your quokka.
Your quokka dies!
Your quokka's corpse disappears in a puff of smoke!
Casting: Summon Small Mammal (safe; 3% risk of failure)
Confirm with . or Enter, or press ? or * to list all spells.
You don't have enough magic to cast that spell.
Found 18 arrows.
Things that are here:
a +0 club; a goblin corpse The hobgoblin barely misses you.
Casting: Summon Small Mammal (safe; 3% risk of failure)
Confirm with . or Enter, or press ? or * to list all spells.
Sigmund hits you from afar with a +0 scythe!
* * * LOW HITPOINT WARNING * * *
The hobgoblin hits you.
You die...

#.>....#
#......#
#.....†#
#......###
#.#.##.<.#
#.#@####.#
#g#.# .#
.###.#)####b#
#..(....@g@.#.
############.#
#


You could see Sigmund (invisible), a hobgoblin and a friendly bat (summoned).

Vanquished Creatures
  A dart slug (D:1)
  A ball python (D:1)
  2 goblins
  2 hobgoblins (D:1)
  4 frilled lizards (D:1)
  3 kobolds (D:1)
  A rat (D:1)
14 creatures vanquished.

Vanquished Creatures (collateral kills)
  A hobgoblin (D:1)
  3 bats (D:1)
  3 goblins (D:1)
  A rat (D:2)
8 creatures vanquished.

Grand Total: 22 creatures vanquished

Notes
Turn   | Place    | Note
-------+----------+-------------------------------------------
     0 | D:1      | promet the Naga Summoner began the quest for the Orb.
     0 | D:1      | Reached XP level 1. HP: 15/15 MP: 3/3
   320 | D:1      | Reached XP level 2. HP: 22/22 MP: 0/5
   328 | D:1      | Learned a level 2 spell: Call Imp
  1554 | D:2      | Noticed Sigmund
  1590 | D:2      | Slain by a hobgoblin

Illustrated notes

Levels and vault maps discovered:
D:1:      sevenhm_arrival_forest_fort_large_4, layout_loops_ring,
          chequers_serial_rivers_marsh, roderic_serpentine_path,
          kennysheep_minor_cross
D:2:      layout_loops_ring, minmay_pentomino_v2, uniq_sigmund, uniq_robin,
          uniq_natasha

Action                   || total
-------------------------++-------
Melee: Dagger            ||    58
 Cast: Summon Small Mamm ||    18
       Call Imp          ||     3
 Abil: Spit Poison       ||     2
  Use: Scroll            ||     3
 Stab: Sleeping          ||     5
Armor: Robe              ||    12
Dodge: Dodged            ||    33
